 Dungeon Sprint DCSS version 0.25-a0-474-ga8a2ee3166 (webtiles) character file.

Game seed: 5809521113910750005, levelgen mode: deterministic

7 ICC the Cutter (level 2, -2/16 HPs)
             Began as a Vine Stalker Gladiator on Feb 7, 2020.
             Was a Follower of Wu Jian.
             Slain by a worker ant (5 damage)
             ... in the Dungeon (Sprint VII: "The Pits").
             The game lasted 00:01:35 (102 turns).

ICC the Cutter (Vine Stalker Gladiator)              Turns: 102, Time: 00:01:36

Health: -2/16      AC:  4    Str: 16    XL:     2   Next: 0%
Magic:  0/3        EV: 13    Int:  8    God:    Wu Jian [*.....]
Gold:   0          SH:  0    Dex: 15    Spells: 1/1 levels left

rFire    . . .     SeeInvis .   l - +2 dagger
rCold    . . .     Gourm    .   (no shield)
rNeg     . . .     Faith    .   b - +0 leather armour
rPois    .         Spirit   +   c - +0 helmet
rElec    .         Reflect  .   (no cloak)
rCorr    .         Harm     .   (no gloves)
MR       .....     NoTele   +   (no boots)
Stlth    +.........             (no amulet)
HPRegen  0.05/turn              (no ring)
MPRegen  0.08/turn              (no ring)

@: no status effects
A: fangs 2, magic shield, antimagic bite, no potion heal 3, rot immunity
a: Renounce Religion


You were in the Dungeon.
You worshipped Wu Jian.
Wu Jian was aware of your devotion.
You were not hungry.

You visited 1 branch

Inventory:

Hand Weapons
 a - a +0 rapier
 l - a +2 dagger (weapon)
Missiles
 d - 3 throwing nets (quivered)
Armour
 b - a +0 leather armour (worn)
 c - a +0 helmet (worn)
Magical Staves
 n - an uncursed staff of energy
Scrolls
 k - a scroll of blinking
 o - 3 scrolls of remove curse
 p - 5 scrolls of amnesia
 q - a scroll of summoning
 r - 2 scrolls of vulnerability
Potions
 g - a potion of heal wounds
 h - a potion of haste
 i - 4 potions of magic
 j - 3 potions of berserk rage
 m - 2 potions of invisibility
Comestibles
 f - 9 rations


   Skills:
 + Level 2.4 Fighting
 + Level 3.2 Short Blades
 - Level 1.7 Throwing
 - Level 1.2 Armour
 + Level 2.9 Dodging
 + Level 0.0 Spellcasting


You had one spell level left.
You didn't know any spells.
Your spell library was empty.

Dungeon Overview and Level Annotations

Branches:
Dungeon (1/1)

Altars:
Ashenzari
Cheibriados
Dithmenos
Elyvilon
Fedhas
Gozag
Hepliaklqana
Kikubaaqudgha
Makhleb
Nemelex Xobeh
Okawaru
Qazlal
Ru
Sif Muna
Trog
Uskayaw
Vehumet
Wu Jian
Xom
Yredelemnul
Zin
The Shining One
Beogh
Jiyva
Lugonu


Innate Abilities, Weirdness & Mutations

You have extremely sharp teeth.
When hurt, damage is shared between your health and your magic reserves.
Your bite disrupts and absorbs the magic of your enemies.
Potions cannot restore your health.
You are immune to rotting.


Message History

The worker ant is heavily wounded.
The worker ant barely misses you.
You closely miss the worker ant. Your bite misses the worker ant.
The worker ant is heavily wounded.
The worker ant bites you.
* * * LOW HITPOINT WARNING * * *
You are lethally poisoned!
The worker ant poisons you!
Your system rejects the healing.
You feel better. The worker ant barely misses you.
You hit the worker ant.
The worker ant is heavily wounded.
The worker ant barely misses you.
You hit the worker ant.
The worker ant is heavily wounded.
The worker ant misses you.
You closely miss the worker ant.
The worker ant is heavily wounded.
The worker ant bites you.
You die...

#_________.#
#_______...###########
##########'##.........
#..(.')))'.##......#..
##########.##.........
#....†......'.........
#+#####'#####......#..
#.....# #.........
#..@..# ####'#####
###a### #.......# ...
#.......# .....
#.......# ####+##
#...<...# #.......#
#.......# #.......#
#########


You could see a worker ant.

Vanquished Creatures
  An adder zombie (D)
  A giant cockroach (D)
  A goblin (D)
3 creatures vanquished.

Notes
Turn   | Place    | Note
-------+----------+-------------------------------------------
     0 | D        | ICC the Vine Stalker Gladiator began the quest for the Orb.
     0 | D        | Reached XP level 1. HP: 11/11 MP: 2/2
    16 | D        | Found a bloodstained altar of Trog.
    16 | D        | Found a shimmering blue altar of Sif Muna.
    16 | D        | Found a viscous altar of Jiyva.
    16 | D        | Found a hazy altar of Hepliaklqana.
    16 | D        | Found an opulent altar of Gozag.
    17 | D        | Found a glowing golden altar of the Shining One.
    17 | D        | Found a glowing silver altar of Zin.
    17 | D        | Found a basalt altar of Yredelemnul.
    17 | D        | Found a shimmering altar of Xom.
    17 | D        | Found an ornate altar of the Wu Jian Council.
    17 | D        | Found a sacrificial altar of Ru.
    17 | D        | Found a stormy altar of Qazlal.
    17 | D        | Found an iron altar of Okawaru.
    17 | D        | Found a sparkling altar of Nemelex Xobeh.
    17 | D        | Found a burning altar of Makhleb.
    17 | D        | Found a blossoming altar of Fedhas.
    17 | D        | Found a white marble altar of Elyvilon.
    17 | D        | Found a shadowy altar of Dithmenos.
    17 | D        | Found a snail-covered altar of Cheibriados.
    18 | D        | Found a radiant altar of Vehumet.
    18 | D        | Found a corrupted altar of Lugonu.
    18 | D        | Found a roughly hewn altar of Beogh.
    19 | D        | Found a hide-covered altar of Uskayaw.
    19 | D        | Found an ancient bone altar of Kikubaaqudgha.
    19 | D        | Found a shattered altar of Ashenzari.
    25 | D        | Became a worshipper of the Wu Jian Council
    77 | D        | Reached skill level 3 in Short Blades
    82 | D        | Reached * piety under Wu Jian
    82 | D        | Reached skill level 1 in Armour
    82 | D        | Reached XP level 2. HP: 9/16 MP: 3/3
   102 | D        | Slain by a worker ant

Levels and vault maps discovered:
D:        pitsprint [storerooms_1, entrance_room_1, metal_vault_5, armoury_1,
          mini_pit_1, grid_room_1, main_hall_1, silver_pit, the_coven_2,
          the_vestibule_1, steel_vault_2, golden_pit, hallway_of_sentries,
          crystal_vault_2, iron_vault_4, final_vault]

Skill      XL: |  1 |
---------------+----+-----
Fighting       | 2 |  2.4
Short Blades   | 3 |  3.2
Armour         | 1 |  1.2
Throwing       | |  1.7
Dodging        | |  2.9

Action                   || total
-------------------------++-------
Melee: Dagger            ||    27
       Bite              ||     8
       Rapier            ||     2
Invok: Lunge             ||     1
  Use: Potion            ||     1
Armor: Leather armour    ||     5
Dodge: Dodged            ||    19

Table legend:
 A = Non-vault XP
 B = Vault XP
 C = Vault XP percentage of total XP
 D = Non-vault monster count
 E = Vault monster count
 F = Vault count percentage of total count
                 A         B        C        D         E       F
            +---------+---------+-------+---------+---------+-------
      Total |       0 |      10 | 100.0 |       0 |       3 | 100.0
            +---------+---------+-------+---------+---------+-------
          D |       0 |      10 | 100.0 |       0 |       3 | 100.0
            +---------+---------+-------+---------+---------+-------
